SNL (28 & UNDER)
SANTA FE DIABLOS @ BLACKIRON DRAGONS
04/08/2025
 
TOP OF THE 1ST
Santa Fe Diablos batting - Pitching for BlackIron Dragons : RHP Juan Gutiérrez
Pitching: RHP Juan Gutiérrez
Batting: RHB Emílio Bruno 0-0: Ball
1-0: Ball
2-0: Called Strike
2-1: Foul Ball, location: 2F
2-2: SOLO HOME RUN (Flyball, 8RXD), Distance : 440 ft
Batting: RHB Roberto Zamora 0-0: SINGLE (Groundball, 3L)
Batting: SHB António Hernández 0-0: Ball
1-0: Called Strike
1-1: Ball
2-1: Called Strike
2-2: Ball
3-2: Fly out, F6 (Popup, 56D)
Batting: RHB Arnold Harmon 0-0: Called Strike
0-1: Foul Ball, location: 2F
0-2: Ball
1-2: Ball
2-2: Ball
3-2: Fly out, F2 (Popup, 2RF)
Batting: RHB Júlio López 0-0: Ball
1-0: Ball
Roberto Zamora is caught stealing 2nd base
Top of the 1st over - 1 run(s), 2 hit(s), 0 error(s), 0 left on base; Santa Fe 1 - BlackIron 0
BOTTOM OF THE 1ST
BlackIron Dragons batting - Pitching for Santa Fe Diablos : RHP Tony Henderson
Pitching: RHP Tony Henderson
Batting: LHB Donnie Cunningham 0-0: Ball
1-0: Ball
2-0: Called Strike
2-1: Ball
3-1: Swinging Strike
3-2: Foul Ball, location: 2F
3-2: Strikes out swinging
Batting: RHB Edgardo Carrasco 0-0: Called Strike
0-1: Ball
1-1: Ball
2-1: Ball
3-1: Called Strike
3-2: SINGLE (Flyball, 3D)
Batting: LHB Leonard Young 0-0: Foul Ball, location: 2F
0-1: Ball
1-1: Ball
2-1: Ball
3-1: SINGLE (Flyball, 8LS)
Edgardo Carrasco to second
Runner from 2nd tries for 3rd, OUT!
Leonard Young to second
Batting: RHB Jesús Cruz 0-0: Called Strike
0-1: Ball
1-1: Ball
2-1: Swinging Strike
2-2: Foul Ball, location: 2F
2-2: Ball
Wild Pitch!
Leonard Young to third
3-2: Strikes out swinging
Bottom of the 1st over - 0 run(s), 2 hit(s), 0 error(s), 1 left on base; Santa Fe 1 - BlackIron 0
TOP OF THE 2ND
Santa Fe Diablos batting - Pitching for BlackIron Dragons : RHP Juan Gutiérrez
Batting: RHB Júlio López 0-0: Foul Ball, location: 2F
0-1: Swinging Strike
0-2: Strikes out looking
Batting: LHB Gary Kern 0-0: Foul Ball, location: 2F
0-1: DOUBLE (Line Drive, 8RXD)
Batting: RHB Jorge Rodríguez 0-0: Called Strike
0-1: Swinging Strike
0-2: Foul Ball, location: 2F
0-2: Foul Ball, location: 2F
0-2: Foul Ball, location: 2F
0-2: Ball
1-2: Ball
2-2: Ball
3-2: Base on Balls
Batting: LHB John Nicholson 0-0: Ball
1-0: Ball
2-0: Ball
3-0: Called Strike
3-1: Base on Balls
Gary Kern to third
Jorge Rodríguez to second
Batting: RHB Michael Anderson 0-0: Ball
1-0: Grounds into double play, 6-4-3 (Groundball, 6)
Top of the 2nd over - 0 run(s), 1 hit(s), 0 error(s), 2 left on base; Santa Fe 1 - BlackIron 0
BOTTOM OF THE 2ND
BlackIron Dragons batting - Pitching for Santa Fe Diablos : RHP Tony Henderson
Batting: RHB Gil Palmer 0-0: Ball
1-0: Ball
2-0: Foul Ball, location: 2F
2-1: Ball
3-1: Called Strike
3-2: Foul Ball, location: 2F
3-2: Base on Balls
Batting: LHB Culley Vaughan 0-0: Ball
1-0: Foul Ball, location: 2F
1-1: Called Strike
1-2: Ball
2-2: Foul Ball, location: 2F
2-2: Ball
Gil Palmer steals 2nd base
3-2: Ground out 4-3 (Groundball, 4)
Gil Palmer to third
Batting: RHB Boyd Pittman 0-0: SINGLE (Line Drive, 6MD)
Gil Palmer scores
Batting: SHB Rick Turner 0-0: Called Strike
0-1: Fly out, F6 (Popup, 6MD)
Batting: RHB Eugene Payne 0-0: Ball
1-0: Ground out U3 (Groundball, 3)
Bottom of the 2nd over - 1 run(s), 1 hit(s), 0 error(s), 1 left on base; Santa Fe 1 - BlackIron 1
TOP OF THE 3RD
Santa Fe Diablos batting - Pitching for BlackIron Dragons : RHP Juan Gutiérrez
Batting: RHB Emílio Bruno 0-0: Ball
1-0: Ball
2-0: Ball
3-0: Base on Balls
Batting: RHB Roberto Zamora 0-0: Ball
1-0: Called Strike
1-1: Ball
2-1: Hit by Pitch
Emílio Bruno to second
Batting: SHB António Hernández 0-0: Called Strike
0-1: Fly out, F7 (Flyball, 7M)
Batting: RHB Arnold Harmon 0-0: Ball
1-0: Ball
2-0: Ball
3-0: Base on Balls
Emílio Bruno to third
Roberto Zamora to second
Batting: RHB Júlio López 0-0: Called Strike
0-1: Called Strike
0-2: Foul Ball, location: 2F
0-2: Strikes out swinging
Batting: LHB Gary Kern 0-0: Called Strike
0-1: Called Strike
0-2: Strikes out swinging
Top of the 3rd over - 0 run(s), 0 hit(s), 0 error(s), 3 left on base; Santa Fe 1 - BlackIron 1
BOTTOM OF THE 3RD
BlackIron Dragons batting - Pitching for Santa Fe Diablos : RHP Tony Henderson
Batting: LHB Donnie Cunningham 0-0: Foul Ball, location: 2F
0-1: Ball
1-1: Bunt missed!
1-2: Ball
2-2: Strikes out swinging
Batting: RHB Edgardo Carrasco 0-0: Called Strike
0-1: Ball
1-1: Foul Ball, location: 2F
1-2: Foul Ball, location: 2F
1-2: Strikes out swinging
Batting: LHB Leonard Young 0-0: Ball
1-0: Foul Ball, location: 2F
1-1: Ball
2-1: Ground out 5-3 (Groundball, 56)
Bottom of the 3rd over - 0 run(s), 0 hit(s), 0 error(s), 0 left on base; Santa Fe 1 - BlackIron 1
TOP OF THE 4TH
Santa Fe Diablos batting - Pitching for BlackIron Dragons : RHP Juan Gutiérrez
Batting: RHB Jorge Rodríguez 0-0: Ball
1-0: Ball
2-0: Fly out, F9 (Popup, 89S)
Batting: LHB John Nicholson 0-0: Reached on Error, E5 (Popup, 5S)
Batting: RHB Michael Anderson 0-0: Ball
1-0: Foul Ball, location: 2F
1-1: Foul Ball, location: 2F
1-2: Strikes out looking
Batting: RHB Emílio Bruno 0-0: Called Strike
0-1: Ball
1-1: Ball
2-1: Ball
3-1: Base on Balls
John Nicholson to second
Batting: RHB Roberto Zamora 0-0: Swinging Strike
0-1: Foul Ball, location: 2F
0-2: Fly out, F7 (Line Drive, 7LS)
Top of the 4th over - 0 run(s), 0 hit(s), 1 error(s), 2 left on base; Santa Fe 1 - BlackIron 1
BOTTOM OF THE 4TH
BlackIron Dragons batting - Pitching for Santa Fe Diablos : RHP Tony Henderson
Batting: RHB Jesús Cruz 0-0: Called Strike
0-1: Ground out 6-3 (Groundball, 6)
Batting: RHB Gil Palmer 0-0: Ball
1-0: Ground out 5-3 (Groundball, 5L)
Batting: LHB Culley Vaughan 0-0: Ball
1-0: SINGLE (Line Drive, 8RS)
Batting: RHB Boyd Pittman 0-0: Swinging Strike
0-1: Ball
1-1: Ball
2-1: Ball
3-1: Swinging Strike
3-2: Strikes out swinging
Bottom of the 4th over - 0 run(s), 1 hit(s), 0 error(s), 1 left on base; Santa Fe 1 - BlackIron 1
TOP OF THE 5TH
Santa Fe Diablos batting - Pitching for BlackIron Dragons : RHP Juan Gutiérrez
Batting: SHB António Hernández 0-0: Called Strike
0-1: Fly out, F8 (Flyball, 8LD)
Batting: RHB Arnold Harmon 0-0: Fly out, F9 (Flyball, 89D)
Batting: RHB Júlio López 0-0: Ball
1-0: Swinging Strike
1-1: Foul Ball, location: 2F
1-2: DOUBLE (Groundball, 3L)
Batting: LHB Gary Kern 0-0: Called Strike
0-1: Ball
1-1: Ground out 6-3 (Groundball, 6)
Top of the 5th over - 0 run(s), 1 hit(s), 0 error(s), 1 left on base; Santa Fe 1 - BlackIron 1
BOTTOM OF THE 5TH
BlackIron Dragons batting - Pitching for Santa Fe Diablos : RHP Tony Henderson
Batting: SHB Rick Turner 0-0: Ball
1-0: Ball
2-0: DOUBLE (Flyball, 78D)
Batting: RHB Eugene Payne 0-0: Ball
1-0: Called Strike
Balk!
Rick Turner to third
1-1: Fly out, F9 (Flyball, 89M)
Runner from 3rd tags up, OUT at HOME
Batting: LHB Donnie Cunningham 0-0: Called Strike
0-1: Bunted foul
0-2: Fly out, F8 (Flyball, 8LM)
Bottom of the 5th over - 0 run(s), 1 hit(s), 0 error(s), 0 left on base; Santa Fe 1 - BlackIron 1
TOP OF THE 6TH
Santa Fe Diablos batting - Pitching for BlackIron Dragons : RHP Juan Gutiérrez
Batting: RHB Jorge Rodríguez 0-0: Ground out 1-3 (Groundball, 15S)
Batting: LHB John Nicholson 0-0: Ball
1-0: Ball
2-0: Ball
3-0: Called Strike
3-1: Called Strike
3-2: Strikes out swinging
Batting: RHB Michael Anderson 0-0: Swinging Strike
0-1: Foul Ball, location: 2F
0-2: Ball
1-2: Ball
2-2: Ground out 6-3 (Groundball, 6)
Top of the 6th over - 0 run(s), 0 hit(s), 0 error(s), 0 left on base; Santa Fe 1 - BlackIron 1
BOTTOM OF THE 6TH
BlackIron Dragons batting - Pitching for Santa Fe Diablos : RHP Tony Henderson
Batting: RHB Edgardo Carrasco 0-0: Fly out, F3 (Popup, 3F)
Batting: LHB Leonard Young 0-0: Called Strike
0-1: Foul Ball, location: 2F
0-2: Ground out 1-3 (Groundball, 13S)
Batting: RHB Jesús Cruz 0-0: Ball
1-0: Ball
2-0: Foul Ball, location: 2F
2-1: Swinging Strike
2-2: Foul Ball, location: 2F
2-2: Foul Ball, location: 2F
2-2: Strikes out looking
Bottom of the 6th over - 0 run(s), 0 hit(s), 0 error(s), 0 left on base; Santa Fe 1 - BlackIron 1
TOP OF THE 7TH
Santa Fe Diablos batting - Pitching for BlackIron Dragons : RHP Juan Gutiérrez
Pitching: RHP Julián Romero
Batting: RHB Emílio Bruno 0-0: Called Strike
0-1: Ball
1-1: Ball
2-1: Ball
3-1: Base on Balls
Batting: RHB Roberto Zamora 0-0: Ball
1-0: SINGLE (Flyball, 9LS)
Emílio Bruno to second
Runner from 2nd tries for 3rd, SAFE, no throw or cutoff
Batting: SHB António Hernández 0-0: Ball
1-0: Ball
2-0: Ball
3-0: Base on Balls
Roberto Zamora to second
Batting: RHB Arnold Harmon 0-0: Ball
Wild Pitch!
Emílio Bruno scores
Roberto Zamora to third
António Hernández to second
1-0: SINGLE (Flyball, 7S)
Roberto Zamora scores
António Hernández to third
Batting: RHB Júlio López 0-0: Ball
1-0: Called Strike
1-1: Swinging Strike
1-2: Foul Ball, location: 2F
1-2: Strikes out swinging
Batting: LHB Gary Kern 0-0: Ball
1-0: Grounds into double play, 5-4-3 (Groundball, 56)
Top of the 7th over - 2 run(s), 2 hit(s), 0 error(s), 1 left on base; Santa Fe 3 - BlackIron 1
BOTTOM OF THE 7TH
BlackIron Dragons batting - Pitching for Santa Fe Diablos : RHP Tony Henderson
Batting: RHB Gil Palmer 0-0: Foul Ball, location: 2F
0-1: Foul Ball, location: 2F
0-2: Ball
1-2: Strikes out swinging
Batting: LHB Culley Vaughan 0-0: Foul Ball, location: 2F
0-1: Ball
1-1: Ball
2-1: Foul Ball, location: 2F
2-2: Ball
3-2: Foul Ball, location: 2F
3-2: Foul Ball, location: 2F
3-2: Foul Ball, location: 2F
3-2: Foul Ball, location: 2F
3-2: Base on Balls
Pitching: RHP Raúl Gómez
Batting: RHB Boyd Pittman 0-0: Called Strike
0-1: Ball
1-1: Ball
2-1: Ball
3-1: Called Strike
3-2: Fly out, F4 (Popup, 13)
Batting: SHB Rick Turner 0-0: Called Strike
0-1: Ball
1-1: Ball
2-1: Ball
3-1: Base on Balls
Culley Vaughan to second
Batting: RHB Eugene Payne 0-0: Ball
1-0: Ground out 4-3 (Groundball, 4)
Bottom of the 7th over - 0 run(s), 0 hit(s), 0 error(s), 2 left on base; Santa Fe 3 - BlackIron 1
TOP OF THE 8TH
Santa Fe Diablos batting - Pitching for BlackIron Dragons : RHP Julián Romero
Batting: RHB Jorge Rodríguez 0-0: Called Strike
0-1: Ball
1-1: Foul Ball, location: 2F
1-2: Foul Ball, location: 2F
1-2: Ball
2-2: Foul Ball, location: 2F
2-2: Ball
3-2: Foul Ball, location: 2F
3-2: Strikes out swinging
Batting: LHB John Nicholson 0-0: Ball
1-0: Called Strike
1-1: Fly out, F6 (Popup, 6D)
Batting: RHB Michael Anderson 0-0: Foul Ball, location: 2F
0-1: Foul Ball, location: 2F
0-2: Ball
1-2: Fly out, F8 (Flyball, 8RS)
Top of the 8th over - 0 run(s), 0 hit(s), 0 error(s), 0 left on base; Santa Fe 3 - BlackIron 1
BOTTOM OF THE 8TH
BlackIron Dragons batting - Pitching for Santa Fe Diablos : RHP Raúl Gómez
Now in RF: Keith Jones
Batting: LHB Donnie Cunningham 0-0: Swinging Strike
0-1: Ball
Error on foul ball, E2
1-2: Ball
2-2: Ball
3-2: Base on Balls
Pitching: RHP David Sheppard
Batting: RHB Edgardo Carrasco 0-0: Called Strike
0-1: Ball
1-1: SINGLE (Line Drive, 89S)
Donnie Cunningham to second
Runner from 2nd tries for 3rd, SAFE, throw made to third
Edgardo Carrasco to second
Batting: LHB Leonard Young 0-0: Called Strike
0-1: Ball
1-1: Foul Ball, location: 2F
1-2: Foul Ball, location: 2F
1-2: Ball
2-2: Ball
3-2: Strikes out swinging
Batting: RHB Jesús Cruz 0-0: Foul Ball, location: 2F
0-1: Ball
1-1: Swinging Strike
1-2: Ball
2-2: Foul Ball, location: 2F
2-2: Foul Ball, location: 2F
2-2: Strikes out looking
Batting: RHB Gil Palmer 0-0: Ball
1-0: Ball
2-0: Called Strike
2-1: Foul Ball, location: 2F
2-2: Ball
3-2: Foul Ball, location: 2F
3-2: Foul Ball, location: 2F
3-2: Base on Balls
Batting: LHB Culley Vaughan 0-0: Fly out, F9 (Flyball, 89M)
Bottom of the 8th over - 0 run(s), 1 hit(s), 1 error(s), 3 left on base; Santa Fe 3 - BlackIron 1
TOP OF THE 9TH
Santa Fe Diablos batting - Pitching for BlackIron Dragons : RHP Julián Romero
Batting: RHB Emílio Bruno 0-0: Ball
1-0: Ball
2-0: Ground out 3-1 (Groundball, 34)
Pitching: RHP Bret McJannett
Batting: RHB Roberto Zamora 0-0: Ball
1-0: Ground out 6-3 (Groundball, 6)
Batting: SHB António Hernández 0-0: Ball
1-0: Ball
2-0: Called Strike
2-1: Ball
3-1: Called Strike
3-2: Base on Balls
Batting: RHB Arnold Harmon 0-0: Ball
António Hernández is caught stealing 2nd base
Top of the 9th over - 0 run(s), 0 hit(s), 0 error(s), 0 left on base; Santa Fe 3 - BlackIron 1
BOTTOM OF THE 9TH
BlackIron Dragons batting - Pitching for Santa Fe Diablos : RHP David Sheppard
Pitching: LHP Jerry Beck
Batting: RHB Boyd Pittman 0-0: Ball
1-0: Called Strike
1-1: Swinging Strike
1-2: Strikes out swinging
Batting: SHB Rick Turner 0-0: Foul Ball, location: 2F
0-1: Ball
1-1: Ball
2-1: Foul Ball, location: 2F
2-2: Strikes out looking
Batting: RHB Eugene Payne 0-0: Called Strike
0-1: Ball
1-1: Called Strike
1-2: Strikes out looking
Bottom of the 9th over - 0 run(s), 0 hit(s), 0 error(s), 0 left on base; Santa Fe 3 - BlackIron 1
This league is powered by Out of the Park Baseball, the baseball management simulation game for PC, Mac and Linux
Tuesday, August 2nd, 2016 - OOTP Baseball 16.8 Build 38